 Dungeon Sprint DCSS version 0.30-a0-292-g0f741e3f8e (webtiles) character file.

Game seed: 17354310293321375850

294 Low2 the Cruncher (level 6, -2/68 HPs)
             Began as an Ogre Gladiator on Oct 17, 2022.
             Slain by Sonja
             ... wielding a +2 short sword of distortion
              (4 damage)
             ... in the Dungeon (Sprint I: "Red Sonja").
             The game lasted 00:01:36 (359 turns).

Low2 the Cruncher (Ogre Gladiator)                   Turns: 359, Time: 00:01:39

Health: -2/68      AC:  3    Str: 19    XL:     6   Next: 34%
Magic:  6/6        EV: 12    Int:  9    God:
Gold:   162        SH:  0    Dex: 12    Spells: 5/5 levels left

rFire   . . .      SeeInvis .    a - +0 quarterstaff
rCold   . . .      Faith    .    (shield currently unavailable)
rNeg    . . .      Spirit   .    b - +0 robe
rPois   .          Reflect  .    c - +0 hat
rElec   .          Harm     .    (no cloak)
rCorr   .          Rampage  .    (gloves unavailable)
Will    .....      NoTele   +    (boots unavailable)
Stlth   ++........               (no amulet)
HPRegen 0.31/turn                (no ring)
MPRegen 0.10/turn                (no ring)

@: slowed, very slow
A: large, unfitting armour, tough skin 1
a: no special abilities


You were in the Dungeon.
You visited 1 branch You collected 162 gold pieces.

Inventory:

Hand Weapons
 a - a +0 quarterstaff (weapon)
Armour
 b - a +0 robe (worn)
 c - a +0 hat (worn)
Wands
 e - a wand of roots (8)
 l - a wand of paralysis (1)
Scrolls
 d - a scroll of identify {unknown}
 k - a scroll of blinking
 m - a scroll of fog {unknown}
Potions
 f - a potion of curing
 h - a potion of haste
 i - 2 potions of magic
 j - a potion of berserk rage


   Skills:
 + Level 6.8 Fighting
 + Level 8.8 Staves
 + Level 4.6 Throwing
 + Level 7.2 Dodging
 + Level 1.0 Stealth


You had 5 spell levels left.
You didn't know any spells.
Your spell library was empty.

Dungeon Overview and Level Annotations

Branches:
Dungeon (1/1)

Altars:
Sif Muna
Vehumet
Wu Jian

Annotations:
D Sonja


Innate Abilities, Weirdness & Mutations

You are too large for most types of armour.
You have tough skin. (AC +1)


Message History

Sonja resists with significant effort.
You feel very sick.
Sonja mumbles some strange words.
Sonja blinks!
Hit: a) +0 quarterstaff
Press: ? - help, Dir - move target, p - Sonja
Okay, then.
Aiming: Fastroot
Press: ? - help, Shift-Dir - straight line, f/p - Sonja
Aim: Sonja, wielding a +2 short sword of distortion and quivering curare-tipped darts The roots erupt in riotous growth!
Roots grab Sonja.
The grasping roots constrict Sonja.
You feel sick.
The roots release their grip on Sonja.
Throw: large rock
Press: ? - help, Q - select action, (/) - cycle Shift-Dir - straight line, f/p - Sonja
Aim: Sonja, wielding a +2 short sword of distortion and quivering curare-tipped darts (lightly wounded, 16% to hit)
You throw a large rock. The large rock hits Sonja.
Sonja is moderately wounded.
You feel very sick.
Sonja mumbles some strange words.
Sonja blinks!
Sonja hits you with a +2 short sword of distortion.
Space warps horribly around you!
Sonja hits you with a +2 short sword of distortion.
Space warps around you.
Sonja hits you with a +2 short sword of distortion.
You feel much better.
You feel sick.
You are no longer poisoned.
Sonja hits you with a +2 short sword of distortion. x2
Space warps around you.
Sonja hits you with a +2 short sword of distortion.
Space warps around you.
* * * LOW HITPOINT WARNING * * *
Sonja hits you with a +2 short sword of distortion!
* * * LOW HITPOINT WARNING * * *
Sonja hits you with a +2 short sword of distortion!
* * * LOW HITPOINT WARNING * * *
Space warps around you.
You die...

################
#<.#..').#.)'..#
#..').#..'..#..+
#..#####'#####'#
#..# #..# #.#
#..# #### ##.#
#..# #+#_.+ #⌠⌠#
+.K._# ####
#_@#'# ##'#.#
#§### $($ $.$
##.## #+#


You could see Sonja.

Vanquished Creatures
  Sigmund (D)
  An ogre (D)
  A jelly (D)
  Ijyb (D)
4 creatures vanquished.

Notes
Turn   | Place    | Note
-------+----------+-------------------------------------------
     0 | D        | Low2 the Ogre Gladiator began the quest for the Orb.
     0 | D        | Reached XP level 1. HP: 22/22 MP: 1/1
     2 | D        | Noticed Ijyb
     6 | D        | Paralysed by Ijyb for 3 turns
    12 | D        | Paralysed by Ijyb for 3 turns
    22 | D        | Paralysed by Ijyb for 2 turns
    24 | D        | Killed Ijyb
    25 | D        | Reached skill level 4 in Staves
    25 | D        | Reached XP level 2. HP: 13/32 MP: 2/2
    25 | D        | Reached XP level 3. HP: 16/39 MP: 3/3
   114 | D        | Noticed an ogre
   126 | D        | Killed an ogre
   127 | D        | Reached skill level 5 in Fighting
   127 | D        | Reached skill level 6 in Staves
   127 | D        | Reached skill level 5 in Dodging
   127 | D        | Reached XP level 4. HP: 49/50 MP: 4/4
   139 | D        | Noticed Sigmund
   156 | D        | Killed Sigmund
   157 | D        | Reached skill level 8 in Staves
   157 | D        | Reached XP level 5. HP: 15/61 MP: 5/5
   157 | D        | Reached XP level 6. HP: 17/68 MP: 6/6
   331 | D        | Found an ornate altar of the Wu Jian Council.
   331 | D        | Found a shimmering blue altar of Sif Muna.
   334 | D        | Found a radiant altar of Vehumet.
   336 | D        | Reached skill level 1 in Stealth
   355 | D        | Noticed Sonja
   359 | D        | HP: 2/68 [Sonja/+2 short sword of distortion (7)]
   359 | D        | Slain by Sonja

Illustrated notes

Levels and vault maps discovered:
D:        dungeon_sprint_1 [red_sonja_temple_1, red_sonja_temple_small_1]

Skill      XL: |  1  2  3  4  5  6 |
---------------+-------------------+-----
Fighting       | 3 5 6 |  6.8
Staves         | 4 6 8 |  8.8
Dodging        | 4 5 7 |  7.2
Throwing       | 3 4 |  4.6
Stealth        | 1 |  1.0

Action                   |  1- 3 |  4- 6 || total
-------------------------+-------+-------++-------
Melee: Quarterstaff      |    25 |     9 ||    34
Throw: Throwing net      |     2 |     1 ||     3
       Large rock        |       |     2 ||     2
Evoke: Wand              |       |     2 ||     2
  Use: Potion            |       |     1 ||     1
 Stab: Held in net/web   |     1 |       ||     1
Armor: Robe              |     3 |     1 ||     4
Dodge: Dodged            |     4 |     2 ||     6

Table legend: (Time is in decaauts)
 A = Elapsed time spent in this place.
 B = Non-inter-level travel time spent in this place.
 C = Inter-level travel time spent in this place.
 D = Time resting spent in this place.
 E = Time spent auto-exploring this place.
 F = Levels seen in this place.
 G = Mean time per level.
                   A        B        C        D        E       F      G
               +--------+--------+--------+--------+--------+-----+--------+
         Total |    364 |    364 |      0 |    247 |      0 |   1 |  364.0 |
       Dungeon |    364 |    364 |      0 |    247 |      0 |   1 |  364.0 |
               +--------+--------+--------+--------+--------+-----+--------+

Top non-repeatable levels by time:
       D: 364 daAuts
